[Event "*** Titled Tuesday 3|2 Blitz (Early)"]
[Site "Chess.com"]
[Date "2017.01.03"]
[Round "7"]
[White "chito89"]
[Black "Feegus"]
[Result "1-0"]
[WhiteElo "2518"]
[BlackElo "2308"]
[TimeControl "180+2"]
[EndTime "12:33:19 PST"]
[Termination "chito89 won by resignation"]

1. e4 c5 2. Nf3 d6 3. c3 Nc6 4. d4 cxd4 5. cxd4 Bg4 6. d5 Bxf3 7.
Qxf3 Ne5 8. Qb3 Nf6 9. Nc3 g6 10. Qxb7 Bg7 11. Bb5+ Ned7 12. Be3 O-O 13. O-O Nc5 14.
Bxc5 dxc5 15. Bc6 Rb8 16. Qxa7 Rxb2 17. Rab1 Rc2 18. Rfc1 Rxc3 19. Rxc3 Nxe4 20. Re3 f5 21. Rb7 Bf6 22. Reb3 Qd6 23. Rb8 Qf4 24. Rxf8+ Kg7 25. Rg8+ Kh6 26. Rb1 Qxf2+ 27. Kh1 Qc2 28. Qb8 Nf2+ 29.
Kg1 Nh3+ 30. Kh1 Nf2+ 31. Kg1 Nh3+ 32. Kh1 Bd4 33. Qf8+ Kh5 34. g4+ fxg4 35. Re1 Nf2+ 36. Kg1 Nh3+ 37. Kh1 Nf2+ 38. Kg1 Nh3+ 39. Kh1 Nf2+ 40.
Kg1 Nh3+ 41. Kh1 Qd2 42. Qf1 Nf2+ 43. Kg1 Nh3+ 44. Kh1 Nf2+ 45. Kg1 Nh3+ 46. Kh1 Nf2+ 47. Kg1 Qf4 48. d6 exd6 49. Kg2 d5 50. Bxd5 Qd2 51. Re2 Qf4 52. Rxf2 Bxf2 53. Qxf2 1-0

[Event "*** Titled Tuesday 3|2 Blitz (Early)"]
[Site "Chess.com"]
[Date "2017.01.03"]
[Round "7"]
[White "Ginger_GM"]
[Black "Gordima"]
[Result "0-1"]
[WhiteElo "2444"]
[BlackElo "2476"]
[TimeControl "180+2"]
[EndTime "12:33:21 PST"]
[Termination "Gordima won by resignation"]

1. d4 Nf6 2. Bf4 g6 3. Nc3 d5 4. e3 Bg7 5. h4 h6 6. Be2 O-O 7. Nf3 c5 8. h5 g5 9. Bxg5 hxg5 10. h6 Bh8 11. Nxg5 Bf5 12. Bd3 Qd7 13. h7+ Kg7 14.
g4 Bxg4 15. f3 cxd4 16. exd4 Qd6 17. Ne2 Bh5 18. Qd2 Rc8 19. Nf4 Nc6 20. O-O-O Nxd4 21. Nxh5+ Kf8 22. Rdg1 Ke8 23. Nxf6+ Qxf6 24. c3 e6 25. Kb1 Nf5 26. Qh2 Rxc3 27. Bxf5 Qxf5+ 28. Ka1 Rc2 29. Ne4 Rxh2 30. Nd6+ Kd7 31. Nxf5 Rxh1 32. Rxh1 exf5 33. Rg1 Rf8 34. Kb1 Ke7 35. Kc2 f6 36.
Kd3 Rf7 37. Kd4 Kd6 38. Rh1 f4 39. Rh5 f5+ 40. Kd3 Ke6 41. b4 Kf6 42. Rh1 Kg6 43. Rg1+ Kxh7 44. b5 Rc7 45. Rh1+ Kg8 46. Rg1+ Bg7 47.
Kd2 Kf7 48. a4 d4 49. a5 Rc3 50. Re1 Rxf3 51. b6 axb6 52. axb6 Rb3 53. Rc1 Rxb6 54. Kd3 Rb3+ 55. Kd2 f3 56. Rc7+ Kg6 57. Rd7 Bh6+ 58. Ke1 Be3 0-1

[Event "*** Titled Tuesday 3|2 Blitz (Early)"]
[Site "Chess.com"]
[Date "2017.01.03"]
[Round "7"]
[White "VMikhalevski"]
[Black "aspired"]
[Result "0-1"]
[WhiteElo "2458"]
[BlackElo "2409"]
[TimeControl "180+2"]
[EndTime "12:33:26 PST"]
[Termination "aspired won by resignation"]

1. Nf3 Nf6 2. g3 b5 3. Bg2 Bb7 4. Na3 b4 5. Nc4 e6 6. a3 bxa3 7. b3 d6 8. Na5 Bxf3 9. Bxf3 d5 10. Bxa3 c5 11. Bb2 Bd6 12. Nb7 Qc7 13. Nxd6+ Qxd6 14. d4 Nbd7 15. c4 Rb8 16. cxd5 exd5 17. Rxa7 c4 18. Ba3 Qb6 19. Ra4 Qxb3 20. Qxb3 Rxb3 21.
O-O Kd8 22. Bd6 Nb8 23. Be5 Rb5 24. Ra8 Kd7 25. Rfa1 Re8 26. R1a7+ Ke6 27. Rc7 h5 28. Bxf6 Kxf6 29. Raa7 Rf8 30. Bxh5 g6 31. Bf3 Ke6 32. h4 Rb3 33. Re7+ Kd6 34. Re5 Rxf3 35. exf3 Nc6 36. Ra6 Rb8 37. Kf1 Rb3 38. Re3 c3 39. Ra1 Nxd4 40. Rc1 Nb5 41. g4 d4 42. Re8 Kc5 43. Rc8+ Kb4 44. Rd8 Kc4 45. Rc8+ Kd5 46. Rd8+ Nd6 47.
Rd1 c2 48. Rc1 d3 49. Ke1 Kc5 50. Rxd6 Kxd6 51. Kd2 Rb1 52. f4 Ke6 53. f3 f5 54. g5 Kf7 55. Rxc2 dxc2 0-1

[Event "*** Titled Tuesday 3|2 Blitz (Early)"]
[Site "Chess.com"]
[Date "2017.01.03"]
[Round "7"]
[White "underdogchss"]
[Black "LonesomeGeorge1"]
[Result "1-0"]
[WhiteElo "2304"]
[BlackElo "2148"]
[TimeControl "180+2"]
[EndTime "12:33:36 PST"]
[Termination "underdogchss won on time"]

1. d4 d5 2. Nf3 Bf5 3. c4 c6 4.
Qb3 Bc8 5. Nc3 e6 6. e4 dxe4 7. Nxe4 Nd7 8. Bd3 Ngf6 9. O-O Nxe4 10. Bxe4 Nf6 11. Bg5 Be7 12. Bc2 O-O 13. Rad1 b6 14. Ne5 Bb7 15. Qh3 g6 16. Qh4 Rc8 17. Rd3 Rc7 18. Rh3 Nh5 19. Bxe7 Qxe7 20. Qxe7 Rxe7 21. Be4 Rc7 22. Ra3 Ba8 23. Rd1 Rd8 24. g3 Ng7 25. g4 f6 26. Nf3 Rcd7 27. h3 f5 28. Bc2 c5 29. Ne5 Rxd4 30. Rxd4 Rxd4 31. Rxa7 Be4 32.
Bxe4 Rxe4 33. Ra8+ Ne8 34. Rxe8+ Kg7 35. Nc6 Rxc4 36.
Re7+ Kf6 37. Rxh7 fxg4 38. Rf7+ Kg5 39. h4+ Kxh4 40. Ne5 Rc2 41. Kg2 Rxb2 42. Nxg6+ Kg5 43. Ne5 Rxa2 44. Rb7 Kf4 45. Nd3+ Ke4 46. Nc1 Rb2 47. Kg3 Kd4 48. Rd7+ Kc3 49. Nd3 Rd2 50. Ne5 Rxd7 51. Nxd7 c4 52. Kf4 b5 53. Ke3 b4 54. Nc5 b3 55. Ne4+ Kc2 56. Nd2 b2 57. Nxc4 1-0

[Event "*** Titled Tuesday 3|2 Blitz (Early)"]
[Site "Chess.com"]
[Date "2017.01.03"]
[Round "7"]
[White "biostatistician"]
[Black "Hamisandwich"]
[Result "1-0"]
[WhiteElo "2435"]
[BlackElo "2374"]
[TimeControl "180+2"]
[EndTime "12:33:46 PST"]
[Termination "biostatistician won by resignation"]

1. d4 e6 2. Nf3 c5 3. e3 Nf6 4.
Bd3 b6 5. O-O Bb7 6. b3 Be7 7.
Bb2 O-O 8. Qe2 d6 9. c4 cxd4 10. exd4 d5 11. Nc3 Nc6 12. cxd5 Nxd5 13. Qe4 Nf6 14.
Qh4 Nb4 15. Be2 Rc8 16. Qh3 Ne4 17. Nxe4 Bxe4 18. Rfc1 Qd5 19. Bc4 Qf5 20. Qxf5 Bxf5 21.
Rd1 Rfd8 22. a3 Nd5 23. Rac1 Bg4 24. Bxd5 exd5 25. Re1 Bf8 26. Ne5 Bf5 27. Nc6 Rd7 28.
b4 a6 29. a4 Rdc7 30. b5 axb5 31. axb5 Bd7 32. Kf1 Bxc6 33. bxc6 Rxc6 34. Rxc6 Rxc6 35.
Re8 Re6 36. Rd8 Rd6 37. Rb8 f5 38. Ba3 Rf6 39. Bxf8 Rxf8 40. Rxb6 Rd8 41. Ke2 Kf7 42. Ke3 Re8+ 43. Kd3 Rd8 44. Ke3 Re8+ 45. Kd3 Re6 46. Rxe6 Kxe6 47. Kc3 Kd6 48. Kb4 Kc6 49. Ka5 f4 50. g4 f3 51. h3 h6 52. Ka6 g6 53.
Ka5 h5 54. gxh5 gxh5 55. Ka6 Kc7 56. Kb5 Kd6 57. Kb6 Ke6 58. Kc5 Kf5 59. Kxd5 Kg5 60. Ke4 Kh4 61. Kxf3 Kxh3 62. d5 Kh2 63.
d6 h4 64. d7 h3 65. d8=Q Kg1 66. Qg5+ Kh1 67. Kg3 1-0

[Event "*** Titled Tuesday 3|2 Blitz (Early)"]
[Site "Chess.com"]
[Date "2017.01.03"]
[Round "7"]
[White "Buffy7"]
[Black "sandropozo"]
[Result "0-1"]
[WhiteElo "2496"]
[BlackElo "2428"]
[TimeControl "180+2"]
[EndTime "12:33:51 PST"]
[Termination "sandropozo won by resignation"]

1. Nf3 d5 2. g3 g6 3. Bg2 Bg7 4. d4 Nf6 5. O-O O-O 6. c4 c6 7. Nbd2 a5 8. b3 a4 9. Ba3 Ne4 10. e3 Bf5 11. Nxe4 Bxe4 12. Bh3 Nd7 13. Ng5 Nf6 14. f3 Bf5 15. Bxf5 gxf5 16. Qc2 Qd7 17. Bc5 Rfe8 18. Nh3 e6 19. Nf4 Ra6 20. Nd3 Rea8 21. a3 b6 22. Bb4 axb3 23. Qxb3 dxc4 24. Qxc4 Nd5 25. Rfe1 Nxe3 26. Rxe3 Qxd4 27. Qxd4 Bxd4 28. Re1 c5 29. Bd2 Rxa3 30. Nf4 Ra2 31. Bc1 Rc2 32.
Ne2 Bxe3+ 33. Bxe3 Raa2 34. Nf4 Rxh2 35. Rb1 Rhb2 36.
Rd1 e5 37. Nh5 Kf8 38. Rd8+ Ke7 39. Bg5+ f6 40. Bxf6+ Ke6 41. Re8+ Kd7 42. Rd8+ Kc7 43. Rd1 e4 44. Bxb2 Rxb2 45. f4 c4 46. Ng7 c3 47. Ne6+ Kb7 48. Nd4 Rd2 49. Rc1 Rxd4 50. Rxc3 b5 51. Rc5 Kb6 52. Rxf5 b4 53. Rf8 Kb5 54. f5 Kc4 55. f6 Kb3 56. Kf2 Rd3 57.
Re8 Rf3+ 58. Ke2 Rxf6 59. Rxe4 Kc3 60. Re3+ Kc2 61. Re8 Rc6 62. Kf2 b3 63. Re2+ Kd3 64. Re3+ Kc2 65. Re2+ Kc1 66. Re1+ Kb2 67. Kf3 Ka2 68.
Re8 Ra6 69. Kg4 b2 0-1

[Event "*** Titled Tuesday 3|2 Blitz (Early)"]
[Site "Chess.com"]
[Date "2017.01.03"]
[Round "7"]
[White "Vrolijk"]
[Black "FearlessKing64"]
[Result "1-0"]
[WhiteElo "2282"]
[BlackElo "2073"]
[TimeControl "180+2"]
[EndTime "12:33:54 PST"]
[Termination "Vrolijk won by resignation"]

1. d4 Nf6 2. c4 g6 3. Nc3 d5 4.
cxd5 Nxd5 5. e3 Bg7 6. Nxd5 Qxd5 7. Ne2 e5 8. Nc3 Qa5 9. dxe5 Bxe5 10. Bd2 O-O 11.
Bc4 Qc5 12. Bb3 Nc6 13. Rc1 Qe7 14. O-O Be6 15. Bxe6 Qxe6 16. Qa4 Rad8 17. Rfd1 Rd3 18. Be1 Rfd8 19. Rxd3 Rxd3 20. Qb5 Qd6 21. g3 Bxc3 22. Bxc3 b6 23. Qg5 Rd1+ 24. Rxd1 Qxd1+ 25. Kg2 Qd6 26. e4 Ne7 27. Qh6 f6 28. Qe3 Qe6 29. Qd4 Kf7 30. b3 Nc6 31. Qd3 Ne5 32. Qd4 c5 33. Qe3 Nc6 34. Qf4 Ne7 35. f3 f5 36. g4 Ke8 37.
gxf5 gxf5 38. Qb8+ Kf7 39. Qf4 Kf8 40. Kf2 Ke8 41.
Qb8+ Kf7 42. Qf4 Ke8 43. h4 fxe4 44. fxe4 Ng6 45. Qb8+ Kf7 46. Qxa7+ Ne7 47. Qc7 Qxe4 48. Qg3 Qf5+ 49. Qf3 Qxf3+ 50. Kxf3 Nd5 51. Bd2 Ke6 52. Ke4 Nf6+ 53. Kf4 h6 54. Kf3 Kf5 55. Bxh6 Ng4 56. Bf4 Nf6 57. a4 Nd5 58. Bd6 Nc3 59. Ke3 Ne4 60.
Bc7 Nf6 61. Kd3 Nd5 62. Bd8 Ke6 63. Kc4 Ne3+ 64. Kb5 Kd5 65. Bxb6 c4 66. Bxe3 cxb3 67. Bc1 Kd4 68. Kb4 Kd3 69. Kxb3 1-0

[Event "*** Titled Tuesday 3|2 Blitz (Early)"]
[Site "Chess.com"]
[Date "2017.01.03"]
[Round "7"]
[White "Aygehovit1992"]
[Black "RitvarsReimanis"]
[Result "1/2-1/2"]
[WhiteElo "2464"]
[BlackElo "2450"]
[TimeControl "180+2"]
[EndTime "12:33:59 PST"]
[Termination "Game drawn by agreement"]

1. e4 c5 2. Nf3 Nc6 3. Bb5 g6 4. Bxc6 bxc6 5. O-O Bg7 6. Re1 Nh6 7. c3 O-O 8. d4 cxd4 9. cxd4 f6 10. Nc3 Nf7 11.
e5 Rb8 12. b3 Qa5 13. exf6 exf6 14. Ne4 d5 15. Nc5 Bg4 16. Bf4 Rbe8 17. Rxe8 Rxe8 18.
h3 Bf5 19. Qd2 Qxd2 20. Bxd2 Bf8 21. Rc1 Nd6 22. Be3 Bc8 23. Ne1 Nf5 24. Nc2 Bxc5 25.
dxc5 Kf7 26. Rd1 Ba6 27. Nd4 Nxd4 28. Rxd4 Re4 29. Rd2 f5 30. g3 h5 31. h4 Bb5 32.
Kg2 Ba6 33. Bf4 Re2 34. Rxe2 Bxe2 35. f3 Bd3 36. Kf2 Bb1 37. a3 Ba2 38. b4 Ke6 39.
Ke3 Bb3 40. Bb8 a6 41. Kf4 Bd1 42. Bd6 Bb3 43. Be5 Bd1 44. Bd4 Be2 45. Kg5 Bxf3 46.
Kxg6 Be2 47. Kg5 Bd1 48. a4 Be2 49. Kg6 Bd1 50. a5 Be2 51. Kg7 Bd3 52. Kf8 Bb5 53.
Ke8 Bc4 54. Kf8 Bb5 55. Kg7 Be2 56. Kh6 Ke7 57. Kg6 Ke6 58. Kg5 Bd1 59. Kf4 Be2 60.
Be5 Bd1 61. b5 cxb5 62. c6 Bg4 63. c7 Kd7 64. Ke3 b4 65. Kd4 b3 66. Kxd5 b2 67. Bxb2 Kxc7 68. Ke5 Kc6 69. Bd4 Kb5 1/2-1/2

[Event "*** Titled Tuesday 3|2 Blitz (Early)"]
[Site "Chess.com"]
[Date "2017.01.03"]
[Round "7"]
[White "Chopper1905"]
[Black "mwpchess"]
[Result "1/2-1/2"]
[WhiteElo "2602"]
[BlackElo "2448"]
[TimeControl "180+2"]
[EndTime "12:34:11 PST"]
[Termination "Game drawn - insufficient material"]

1. Nf3 c5 2. c4 Nc6 3. g3 Nf6 4. Bg2 g6 5. Nc3 Bg7 6. d4 cxd4 7. Nxd4 Nxd4 8. Qxd4 d6 9. O-O O-O 10. Qd3 Rb8 11. Be3 b6 12. Rac1 Ng4 13.
Bd4 Bxd4 14. Qxd4 Ne5 15. Rfd1 Bb7 16. Nd5 Ba8 17. b3 Rc8 18. Qh4 Bxd5 19. cxd5 f5 20. Qa4 Qd7 21. Qa6 g5 22. e3 f4 23. exf4 Rxc1 24.
Rxc1 gxf4 25. Qf1 fxg3 26. hxg3 Qg4 27. Re1 Rf6 28. Re4 Nf3+ 29. Bxf3 Qxf3 30. Qe2 Qxe2 31. Rxe2 Kf7 32. f4 Rf5 33. Rd2 h5 34. Rd4 h4 35. g4 Rf6 36. Kg2 Rh6 37. Kh3 e6 38.
dxe6+ Kxe6 39. Re4+ Kd5 40. Re8 Kd4 41. g5 Rh7 42. g6 Rg7 43. f5 d5 44. Kxh4 Kc3 45. Kg5 d4 46. Rc8+ Kb2 47. f6 Rd7 48. f7 d3 49. f8=Q d2 50. Qf6+ Ka3 51. Qf1 d1=Q 52. Qxd1 Rxd1 53. g7 Rg1+ 54. Kf6 Kxa2 55. g8=Q Rxg8 56. Rxg8 Kxb3 57. Ke5 a5 58. Kd4 a4 59.
Rb8 a3 60. Rxb6+ Kc2 61. Ra6 Kb2 62. Rb6+ Kc2 63. Rc6+ Kb2 64. Kd3 a2 65. Rb6+ Ka1 66. Rh6 Kb2 67. Rh2+ Kb3 68. Rh1 Kb2 69. Rh2+ Kb3 70.
Rxa2 Kxa2 1/2-1/2

[Event "*** Titled Tuesday 3|2 Blitz (Early)"]
[Site "Chess.com"]
[Date "2017.01.03"]
[Round "7"]
[White "johnathan113"]
[Black "Blitzstream"]
[Result "1/2-1/2"]
[WhiteElo "2334"]
[BlackElo "2512"]
[TimeControl "180+2"]
[EndTime "12:34:16 PST"]
[Termination "Game drawn by repetition"]

1. g3 Nf6 2. Nf3 g6 3. Bg2 Bg7 4. O-O O-O 5. c4 c6 6. b3 Ne4 7. d4 d5 8. Bb2 Nd7 9. Nc3 Nxc3 10. Bxc3 Nc5 11. Rc1 Ne4 12. Bb2 Bf5 13. Nh4 Be6 14. Qc2 Nd6 15. c5 Nf5 16. Nf3 h5 17. b4 Nh6 18. a4 Bf5 19. Qb3 Be4 20. e3 Nf5 21. b5 h4 22. Nxh4 Nxh4 23. Bxe4 dxe4 24. gxh4 e6 25. f4 exf3 26. Rxf3 Qxh4 27. Rcf1 a6 28. bxc6 bxc6 29. Bc3 Rab8 30. Qc4 Qe4 31. Qxa6 Rb1 32.
Rxb1 Qxb1+ 33. Qf1 Qb3 34. Qa1 Qd5 35. Qf1 Qe4 36.
a5 Rb8 37. a6 Rb1 38. Be1 Bh6 39. a7 Bxe3+ 40. Kg2 Rb2+ 41. Kh3 f5 42. a8=Q+ Kg7 43. Rg3 Bf4 44. Qa7+ Kh6 45. Qf7 Bxg3 46. Qf8+ Kh7 47. Qf7+ Kh6 48. Qf8+ Kh7 49. Qe7+ Kh6 50. Qf8+ Kh7 51.
Qe7+ Kg8 52. Qe8+ Kg7 53. Qe7+ Kh6 54. Qf8+ Kh7 55. Qf7+ Kh8 56. Qe8+ Kh7 57. Qf7+ Kh8 58. Qf6+ Kh7 59. Qg5 Bxe1 60. Qe7+ Kh8 61. Qf6+ Kh7 62. Qe7+ Kg8 63. Qe8+ Kg7 64. Qe7+ Kg8 65. Qe8+ Kg7 66.
Qe7+ Kg8 67. Qe8+ Kg7 68. Qd7+ Kg8 69. Qe8+ Kg7 70. Qe7+ Kg8 71. Qe8+ 1/2-1/2

[Event "*** Titled Tuesday 3|2 Blitz (Early)"]
[Site "Chess.com"]
[Date "2017.01.03"]
[Round "7"]
[White "ajkom197"]
[Black "FairChess_on_YouTube"]
[Result "1-0"]
[WhiteElo "2327"]
[BlackElo "2744"]
[TimeControl "180+2"]
[EndTime "12:34:36 PST"]
[Termination "ajkom197 won by resignation"]

1. d4 d5 2. Bf4 Bf5 3. e3 e6 4.
Nf3 c5 5. Bxb8 Rxb8 6. Bb5+ Ke7 7. dxc5 Qa5+ 8. Nc3 a6 9. Bd3 Bg4 10. O-O Nf6 11. h3 Bxf3 12. Qxf3 Qxc5 13. e4 dxe4 14. Nxe4 Nxe4 15. Bxe4 g6 16. Rad1 Bh6 17. Bxb7 f5 18. Bxa6 Rxb2 19. a4 Rxc2 20. Bb5 Rd2 21. Rxd2 Bxd2 22.
Rd1 Qd4 23. Qa3+ Qb4 24. Qxb4+ Bxb4 25. Rd7+ Kf6 26. g3 h5 27. h4 Rc8 28. Rd4 Ba5 29.
Rc4 Rd8 30. Rc6 Bd2 31. Bc4 Re8 32. Kg2 Re7 33. f4 Ba5 34. Ra6 Bb4 35. Rc6 Kf7 36. Kf3 Ba5 37. Ra6 Be1 38. Rc6 Kf6 39.
Kg2 Ba5 40. Ra6 Bb4 41. Rc6 Kf7 42. Rb6 Bc5 43. Rc6 Ba7 44. a5 Rb7 45. Rxe6 Kg7 46. a6 Rb2+ 47. Re2 Rb4 48. Re7+ Kf8 49. Rf7+ Ke8 50. Rxa7 Rxc4 51. Rg7 Ra4 52. a7 Kf8 53. a8=Q+ Rxa8 54. Rxg6 Kf7 55. Rg5 Kf6 56. Rxh5 Ra2+ 57. Kh3 Ra3 58. Rh6+ Kg7 59. Rc6 Ra1 60. Rc7+ Kg6 61.
Rc6+ Kg7 62. Rc2 Kg6 63. Kg2 Ra6 64. Rc3 Rb6 65. Rc5 Rb2+ 66. Kh3 Rb1 67. h5+ Kf6 68. Rc6+ Kf7 69. Kh4 Rg1 70. Rc3 Kf6 71. Rc6+ Kf7 72. h6 Rg2 73. h7 Kg7 74. h8=Q+ Kxh8 75. Rf6 Rh2+ 76. Kg5 Rg2 77. Rh6+ Kg7 78. Rh3 Ra2 79. Kxf5 Ra5+ 80. Kg4 Kg6 81. Rh2 Ra2 82. Rxa2 1-0

[Event "*** Titled Tuesday 3|2 Blitz (Early)"]
[Site "Chess.com"]
[Date "2017.01.03"]
[Round "7"]
[White "Fablibi"]
[Black "Th3ChessViking"]
[Result "1/2-1/2"]
[WhiteElo "2474"]
[BlackElo "2421"]
[TimeControl "180+2"]
[EndTime "12:35:10 PST"]
[Termination "Game drawn - insufficient material"]

1. Nf3 Nf6 2. g3 d5 3. Bg2 Bf5 4. O-O e6 5. d3 h6 6. Nbd2 Be7 7. Qe1 O-O 8. e4 Bh7 9. Qe2 Re8 10. b3 a5 11. a4 Na6 12. e5 Nd7 13. Re1 Bf8 14. Nf1 Nb4 15. h4 c5 16. Bf4 Qb6 17. Ne3 Rac8 18. Rad1 Na2 19. Ra1 Nb4 20. Red1 Qa6 21.
Ne1 Nb6 22. c3 Nc6 23. Qg4 Kh8 24. c4 Nd4 25. cxd5 Nxd5 26. Bxd5 exd5 27. Rab1 Qe6 28.
Qxe6 fxe6 29. Kg2 b5 30. axb5 Rb8 31. N1c2 Ne2 32. Ra1 Rxb5 33. Ra3 Be7 34. h5 Reb8 35. Na1 Bd8 36. Nec2 Bg8 37. Bd2 Bf7 38. g4 Bc7 39. Kf3 Nd4+ 40. Nxd4 cxd4 41. Re1 Bd8 42. Ra4 Bb6 43. Rc1 Be8 44. Ra2 Bd7 45. Ke2 Kg8 46. f4 Kf7 47. Rac2 Bd8 48. Rc5 Rxc5 49. Rxc5 Rb5 50. Rxb5 Bxb5 51. Nc2 Bb6 52. Bc1 a4 53. b4 g6 54. hxg6+ Kxg6 55. Bb2 h5 56. gxh5+ Kxh5 57. Bxd4 Bd8 58. Ke3 Kg4 59. Na3 Bc6 60. Bc5 Bh4 61. b5 Bb7 62. Bd6 Bg3 63. Kd4 Bf2+ 64.
Kc3 Kxf4 65. Kb4 Ke3 66. Bc5+ Ke2 67. Bxf2 Kxf2 68. Kxa4 Ke3 69. Ka5 d4 70. Kb6 Bd5 71. Kc5 Kxd3 72. Nc2 Kxc2 73. Kxd4 Kb3 74. Kc5 Kc3 75.
b6 Kd3 76. Kd6 Ke4 77. b7 Bxb7 78. Kxe6 Ba6 79. Kd6 Bc4 80. e6 Bxe6 1/2-1/2

[Event "*** Titled Tuesday 3|2 Blitz (Early)"]
[Site "Chess.com"]
[Date "2017.01.03"]
[Round "7"]
[White "Fibrinogen"]
[Black "Rating-Schmating"]
[Result "1/2-1/2"]
[WhiteElo "2284"]
[BlackElo "2275"]
[TimeControl "180+2"]
[EndTime "12:35:46 PST"]
[Termination "Game drawn by agreement"]

1. b3 Nf6 2. Bb2 d5 3. e3 Bf5 4. f4 e6 5. Nf3 c6 6. d3 Bd6 7.
Nbd2 Nbd7 8. h3 h5 9. Ng5 Nh7 10. Nxh7 Qh4+ 11. Ke2 Rxh7 12. Nf3 Qe7 13. Ng5 Rh8 14.
Bxg7 Rg8 15. Bb2 e5 16. Nf3 exf4 17. Qd2 fxe3 18. Qxe3 Qxe3+ 19. Kxe3 O-O-O 20. Kd2 Bf4+ 21. Kc3 Rde8 22. Bc1 Bd6 23. Bd2 Ne5 24. Nxe5 Bxe5+ 25. d4 Bh8 26. Bd3 Bxd3 27. cxd3 Rxg2 28. Rhg1 Ree2 29.
Rxg2 Rxg2 30. Rf1 c5 31. Be3 Rg3 32. Rxf7 Rxe3 33. Rf8+ Kc7 34. Rxh8 cxd4+ 35. Kxd4 Rxh3 36. Rh6 a5 37. a4 h4 38. Rh7+ Kb6 39. Rh6+ Ka7 40.
Rh5 Rh1 41. Kxd5 h3 42. Kd6 h2 43. Rxa5+ Kb6 44. Rb5+ Ka6 45. Rh5 Rd1 46. Rxh2 Rxd3+ 47. Kc5 Rxb3 48. Kc4 Rb1 49. Rh5 Rc1+ 50. Kb4 Rb1+ 51. Kc4 Rg1 52. Kb4 Rg4+ 53. Kb3 b6 54. Rd5 Rg3+ 55.
Kb4 Rg4+ 56. Kb3 Rg3+ 57. Kc4 Rg4+ 58. Kb3 Rg3+ 59. Kc4 Rg1 60. Kb4 Ra1 61. Rh5 Rb1+ 62. Kc4 Rc1+ 63. Kb3 Rb1+ 64. Ka2 Rb4 65. Ka3 Rb1 66.
Ka2 Rf1 67. Ka3 Rf4 68. Rg5 Kb7 69. Rg7+ Kc6 70. Rg6+ Kc5 71. Rg5+ Kc4 72. Rb5 Rf6 73. Rb3 Kc5 74. Rc3+ Kd4 75. Rb3 Kc4 76. Rh3 Rf1 77. Rh4+ Kc5 78. Rh5+ Kc6 79. Rh6+ Kc5 80. Rh5+ Kc6 81.
Rh4 Kb7 82. Rh5 Ka6 83. Rg5 Rh1 84. Rb5 Rh3+ 85. Rb3 Rh4 86. Rb4 Rh5 87. Rb3 Rh1 88. Rc3 Kb7 89. Kb4 Rb1+ 90. Kc4 Ka6 91. Rb3 Rc1+ 92.
Kb4 Rh1 93. Rg3 Ra1 94. Rg5 Rb1+ 95. Ka3 Ra1+ 96. Kb3 Rf1 97. Rh5 Rf3+ 98. Kb4 Rg3 99. Rf5 Kb7 100. Re5 Rg4+ 101. Ka3 Kc6 102. Rh5 Rf4 103. Rh6+ Kc5 104. Rh5+ Kc4 105. Rb5 Rf3+ 106. Ka2 Rf6 107. Ka3 Rg6 108. Rb4+ Kc3 109. Rb3+ Kc2 110. Rb2+ Kc3 111. Rb3+ Kc4 112. Rb4+ Kc3 113. Rb3+ Kc2 114. Rb2+ Kc1 115. Rh2 Rg4 116. Rf2 Rg6 117. Kb4 Rg5 118. Rf6 Kb2 119. Rxb6 Rg4+ 120. Ka5+ Ka3 121. Ka6 Kxa4 122. Kb7 Ka5 123. Ra6+ Kb5 124. Rb6+ Kc5 125. Rc6+ Kd5 126. Rb6 Rg7+ 127. Ka6 Kc4 128. Rb1 Rg6+ 129. Kb7 Kc5 130. Kc7 Rg7+ 131. Kd8 Kc6 132. Rc1+ Kd6 133. Rd1+ Kc6 1/2-1/2

[Event "*** Titled Tuesday 3|2 Blitz (Early)"]
[Site "Chess.com"]
[Date "2017.01.03"]
[Round "8"]
[White "Tash_Boy"]
[Black "Th3ChessViking"]
[Result "1-0"]
[WhiteElo "2456"]
[BlackElo "2414"]
[TimeControl "180+2"]
[EndTime "12:38:23 PST"]
[Termination "Tash_Boy won by resignation"]

1. e4 e6 2. d3 d5 3. Nd2 Nf6 4. Ngf3 Nc6 5. g3 dxe4 6. dxe4 Bc5 7. Bg2 O-O 8. O-O e5 9. h3 a5 10. c3 b6 11. Re1 Ba6 12. Qa4 Qe7 13. Qxc6 1-0

[Event "*** Titled Tuesday 3|2 Blitz (Early)"]
[Site "Chess.com"]
[Date "2017.01.03"]
[Round "8"]
[White "DuleMudule"]
[Black "Holden-Caulfield"]
[Result "1-0"]
[WhiteElo "2525"]
[BlackElo "2450"]
[TimeControl "180+2"]
[EndTime "12:39:54 PST"]
[Termination "DuleMudule won by resignation"]

1. d4 d6 2. e4 Nf6 3. Nc3 e5 4.
dxe5 dxe5 5. Qxd8+ Kxd8 6. f4 Bb4 7. Bd3 Nc6 8. Nf3 Bg4 9. Nxe5 Nxe5 10. fxe5 Nd7 11. Bg5+ Ke8 12. Bf4 Bxc3+ 13. bxc3 Be6 14. a4 h6 15. a5 Ke7 16. h4 Nc5 17. Ke2 Rhd8 18.
Ke3 Rd7 19. a6 b6 20. Bb5 Rdd8 21. h5 Bd7 22. Bc4 Bc6 23. Bd3 Rd7 24. Bg3 Rad8 25. Bh4+ f6 26. exf6+ gxf6 27. Rhf1 Rd6 28. e5 1-0

[Event "*** Titled Tuesday 3|2 Blitz (Early)"]
[Site "Chess.com"]
[Date "2017.01.03"]
[Round "8"]
[White "Imre91"]
[Black "superjem123"]
[Result "0-1"]
[WhiteElo "2662"]
[BlackElo "2507"]
[TimeControl "180+2"]
[EndTime "12:41:00 PST"]
[Termination "superjem123 won by checkmate"]

1. d4 Nf6 2. Bg5 d5 3. Bxf6 exf6 4. Nf3 Be6 5. e3 Nd7 6. Nbd2 Nb6 7. Bd3 Bd6 8. O-O O-O 9. b3 Rc8 10. c4 c5 11.
cxd5 Bxd5 12. e4 Be6 13. d5 Bd7 14. a4 Qc7 15. h3 a5 16. Rc1 f5 17. exf5 Nxd5 18.
Nc4 Bf4 19. Ra1 Rcd8 20. Qe1 Nb4 21. Bb1 Rfe8 22. Qc3 Bc6 23. f6 g6 24. h4 b6 25.
Ng5 Nd5 26. Qb2 Bxg5 27. hxg5 Nf4 28. Ne3 Re5 29. g3 Rxg5 30. Bc2 Ne2+ 31. Kh2 Rh5# 0-1

[Event "*** Titled Tuesday 3|2 Blitz (Early)"]
[Site "Chess.com"]
[Date "2017.01.03"]
[Round "8"]
[White "Mazetovic"]
[Black "Lupul_Cenusiu"]
[Result "0-1"]
[WhiteElo "2444"]
[BlackElo "2466"]
[TimeControl "180+2"]
[EndTime "12:41:03 PST"]
[Termination "Lupul_Cenusiu won by resignation"]

1. e4 c5 2. b4 cxb4 3. d4 d5 4. e5 Bf5 5. a3 e6 6. axb4 Bxb4+ 7.
c3 Be7 8. Qb3 Qc8 9. Na3 Nc6 10.
Nb5 a6 11. Nd6+ Bxd6 12. exd6 Nf6 13. Ba3 O-O 14. d7 Qxd7 15. Bxf8 Rxf8 16. Nf3 Rc8 17. Be2 Qc7 18. O-O Ne4 19. Qa3 Bg4 20. h3 Bxf3 21.
Bxf3 Nd2 22. Rfe1 Nxf3+ 23. gxf3 Ne7 24. Rab1 Ng6 25. Qb2 b5 26. Re3 Qf4 27. Qa3 Qg5+ 28. Kh2 Qh4 29. Kg1 Nf4 30. Qxa6 Rf8 0-1

[Event "*** Titled Tuesday 3|2 Blitz (Early)"]
[Site "Chess.com"]
[Date "2017.01.03"]
[Round "8"]
[White "Quiet_Desperation"]
[Black "AdamHunt1"]
[Result "1-0"]
[WhiteElo "2365"]
[BlackElo "2361"]
[TimeControl "180+2"]
[EndTime "12:41:07 PST"]
[Termination "Quiet_Desperation won by resignation"]

1. e4 c5 2. Nf3 e6 3. d4 cxd4 4. Nxd4 a6 5. Bd3 Bc5 6. Nb3 Be7 7. Nc3 b5 8. Be3 Bb7 9. a3 Nf6 10. f4 h5 11. h3 h4 12. O-O d6 13. Qd2 Nbd7 14. Rae1 Qc7 15. Bf2 Nh5 16. f5 Ne5 17.
fxe6 fxe6 18. Nd4 Kd7 19. Nd5 exd5 20. exd5 Bxd5 21. Bf5+ Kd8 22. Rxe5 Qb7 23. Ne6+ Bxe6 24. Rxe6 Ra7 25. Rxd6+ Bxd6 26. Qxd6+ Ke8 27. Re1+ Qe7 28. Rxe7+ Rxe7 29. Bg6+ 1-0

[Event "*** Titled Tuesday 3|2 Blitz (Early)"]
[Site "Chess.com"]
[Date "2017.01.03"]
[Round "8"]
[White "Dr-Bassem"]
[Black "Malev212"]
[Result "1-0"]
[WhiteElo "2646"]
[BlackElo "2446"]
[TimeControl "180+2"]
[EndTime "12:41:19 PST"]
[Termination "Dr-Bassem won by resignation"]

1. e4 c5 2. Nf3 Nc6 3. d3 g6 4. g3 Bg7 5. Bg2 d6 6. O-O e5 7. c3 Nge7 8. a3 O-O 9. b4 b6 10. Nbd2 Be6 11. Bb2 h6 12. Nc4 a6 13.
Re1 Rc8 14. Ne3 Qd7 15. d4 cxd4 16. cxd4 exd4 17. Nxd4 Rfe8 18. Qd2 Nxd4 19. Bxd4 Nc6 20. Bxg7 Kxg7 21. Rad1 Red8 22. f4 Qa7 23. f5 Bd7 24.
Ng4 b5+ 25. Kh1 Rh8 1-0

[Event "*** Titled Tuesday 3|2 Blitz (Early)"]
[Site "Chess.com"]
[Date "2017.01.03"]
[Round "8"]
[White "pedromartinez91"]
[Black "LonesomeGeorge1"]
[Result "0-1"]
[WhiteElo "2302"]
[BlackElo "2162"]
[TimeControl "180+2"]
[EndTime "12:41:39 PST"]
[Termination "LonesomeGeorge1 won by checkmate"]

1. g3 d5 2. Bg2 Nc6 3. Nf3 e5 4.
O-O Be6 5. d3 Qd7 6. e4 Nge7 7.
Nbd2 f6 8. b3 O-O-O 9. Ba3 Bh3 10. Qe2 h5 11. Nh4 Bxg2 12. Nxg2 g5 13. Ne3 Nd4 14.
Qd1 h4 15. c3 hxg3 16. fxg3 Qh3 17. Rf2 Nb5 18. Bxe7 Bxe7 19. Nxd5 Bc5 20. Nf1 c6 21. Nde3 Nxc3 22. Qf3 Rxd3 23. Qxf6 Rxe3 24. Nxe3 Bxe3 25. Rf1 Ne2+ 26. Kh1 Nxg3+ 27. Kg1 Qxf1# 0-1

[Event "*** Titled Tuesday 3|2 Blitz (Early)"]
[Site "Chess.com"]
[Date "2017.01.03"]
[Round "8"]
[White "chesswooog"]
[Black "AlexanderL"]
[Result "0-1"]
[WhiteElo "2178"]
[BlackElo "2574"]
[TimeControl "180+2"]
[EndTime "12:41:44 PST"]
[Termination "AlexanderL won by resignation"]

1. e4 e6 2. d4 d5 3. e5 c5 4. c3 Nc6 5. Nf3 Bd7 6. Bd3 Qb6 7. O-O cxd4 8. cxd4 Nxd4 9. Nbd2 Nc6 10. Nb3 Qd8 11. Be3 Nh6 12. Nc5 Ng4 13. Nxb7 Nxe3 14. Nxd8 Nxd1 15.
Nxc6 Nxb2 16. Bb5 a6 17. a4 axb5 18. axb5 Bxc6 19. bxc6 Rc8 20. Rfb1 Nd3 21. Rb7 Bc5 22. Rd1 Nxf2 23. Rc1 Nd3+ 24. Rxc5 Nxc5 0-1